 Dungeon Crawl Stone Soup version 0.30-a0-165-g1891117ce2 (webtiles) character file.

Game seed: 3552003308006730280

22109 funkygono the Arsonist (level 12, -10/64 HPs)
             Began as a Gargoyle Fire Elementalist on Sept 27, 2022.
             Was an Elder of Vehumet.
             Mangled by a death yak (22 damage)
             ... on level 2 of the Lair of Beasts on Sept 28, 2022.
             The game lasted 00:29:35 (16836 turns).

funkygono the Arsonist (GrFE)                      Turns: 16836, Time: 00:29:35

Health: -10/64     AC: 16    Str: 13    XL:     12   Next: 97%
Magic:  1/28       EV: 13    Int: 20    God:    Vehumet [****..]
Gold:   783        SH:  0    Dex: 10    Spells: 15/36 levels left

rFire   + . .      SeeInvis .    G - +4 mace
rCold   x . .      Faith    .    (no shield)
rNeg    + . .      Spirit   .    (no body armour)
rPois   ∞          Reflect  .    c - +1 helmet
rElec   +          Harm     .    (no cloak)
rCorr   .          Rampage  .    (no gloves)
Will    .....                    n - +1 pair of boots
Stlth   ++........               (no amulet)
HPRegen 0.20/turn                p - ring of fire
MPRegen 0.21/turn                q - +4 ring of protection

@: mighty
A: sickness immunity, AC +8, negative energy resistance 1, electricity
resistance, torment resistance 1, petrification resistance
a: Renounce Religion


You were on level 2 of the Lair of Beasts.
You worshipped Vehumet.
Vehumet was greatly pleased with you.
You visited 3 branches of the dungeon, and saw 14 of its levels.

You collected 783 gold pieces.

Inventory:

Hand Weapons
 h - a +1 whip
 o - a +0 whip of holy wrath
 r - a +4 dire flail
 w - a +0 flail of protection
 G - a +4 mace (weapon)
Armour
 c - a +1 helmet (worn)
 n - a +1 pair of boots (worn)
 J - +1 acid dragon scales
Jewellery
 p - a ring of fire (left hand)
 q - a +4 ring of protection (right hand)
 s - a ring of protection from cold
 t - a +6 ring of intelligence
Wands
 x - a wand of mindburst (2)
 C - a wand of charming (13)
Scrolls
 a - a scroll of enchant armour
 e - 6 scrolls of magic mapping
 f - 11 scrolls of teleportation
 g - a scroll of fear
 k - 3 scrolls of butterflies
 u - 3 scrolls of blinking
 y - a scroll of vulnerability
 A - a scroll of poison
Potions
 b - 6 potions of flight
 d - 3 potions of curing
 j - 2 potions of cancellation
 l - 2 potions of attraction
 m - 4 potions of lignification
 v - 4 potions of mutation
 B - 2 potions of brilliance
 E - 3 potions of ambrosia
 H - a potion of resistance
 I - a potion of berserk rage
Miscellaneous
 K - a lightning rod (4/4)


   Skills:
 + Level 2.8 Fighting
 + Level 3.0 Maces & Flails
 + Level 4.5 Dodging
 - Level 2.1 Stealth
 + Level 12.5 Spellcasting
 + Level 9.5 Conjurations
 + Level 0.1 Translocations
 + Level 12.8 Fire Magic
 + Level 0.1 Air Magic
 + Level 0.9 Evocations


You had 15 spell levels left.
You knew the following spells:

 Your Spells              Type           Power      Damage    Failure   Level
a - Foxfire               Conj/Fire      100%       2x1d9     1%          1
b - Scorch                Fire           100%       2d10      1%          2
c - Kindle Blastsparks    Fire/Tloc/Air  88%        2d17      1%          3
d - Flame Wave            Conj/Fire      72%        2d16      1%          4
e - Ignite Poison         Fire/Tmut/Pois 44%        N/A       1%          3
f - Magic Dart            Conj           100%       1d8       1%          1
g - Sticky Flame          Conj/Fire      72%        2d9       1%          4
h - Hailstorm             Conj/Ice       31%        3d8       1%          3

Your spell library contained the following spells:

 Spells                   Type           Power      Damage    Failure   Level
 Kiss of Death            Conj/Necr      100%       2d13      1%          1
 Inner Flame              Hex/Fire       55%        N/A       1%          3
 Mephitic Cloud           Conj/Pois/Air  25%        N/A       1%          3
 Apportation              Tloc           24%        N/A       5%          1
 Necrotise                Necr           48%        1d6       5%          1
 Summon Small Mammal      Summ           48%        N/A       5%          1
 Call Imp                 Summ           12%        N/A       9%          2
 Confusing Touch          Hex            12%        N/A       16%         3
 Gell's Gravitas          Tloc           12%        N/A       16%         3
 Lesser Beckoning         Tloc           12%        N/A       16%         3
 Teleport Other           Tloc           12%        N/A       16%         3
 Yara's Violent Unravell  Hex/Tmut       6%         3d5       36%         5
 Dispel Undead            Necr           12%        3d9       47%         4
 Enfeeble                 Hex            6%         N/A       100%        7


Dungeon Overview and Level Annotations

Branches:
Dungeon (11/15)            Temple (1/1) D:7            Lair (2/5) D:8
    Orc (0/2) D:9
  Swamp: Lair:2-3    Shoals: Lair:2-3     Snake: Lair:2-3    Spider: Lair:2-3

Altars:
Ashenzari
Cheibriados
Dithmenos
Elyvilon
Fedhas
Gozag
Hepliaklqana
Kikubaaqudgha
Makhleb
Nemelex Xobeh
Okawaru
Qazlal
Ru
Sif Muna
Trog
Uskayaw
Vehumet
Wu Jian
Xom
Yredelemnul
Zin
The Shining One

Shops:
D:4 *   D:6 =   D:9 *

Portals:
Trove: D:11 (give 8 potions of haste)

Annotations:
D:9 2 transporters, WLBjork's ghost, novice HOMo
D:10 1 runed translucent door, Flugkiller's ghost, journeyman MeIE


Innate Abilities, Weirdness & Mutations

You are immune to sickness and miasma.
Your stone body is resilient. (AC +8)
You are immune to poison.
You resist negative energy. (rN+)
You are resistant to electric shocks. (rElec)
You are resistant to unholy torment.
You are immune to petrification.


Message History

The death yak gores you!
Unknown command.
Aiming: Mindburst
Press: ? - help, Shift-Dir - straight line, f/p - death yak
Aim: a death yak (heavily wounded, chance to affect: 9%)
The death yak resists with almost no effort.
The death yak gores you but does no damage.
Unknown command.
Aiming: Mindburst
Press: ? - help, Shift-Dir - straight line, f/p - death yak
Aim: a death yak (heavily wounded, chance to affect: 9%)
The death yak resists with almost no effort.
The death yak gores you!
Unknown command.
You feel very mighty all of a sudden. The death yak gores you!
* * * LOW HITPOINT WARNING * * *
You sock the death yak!
The death yak is heavily wounded.
The death yak gores you.
* * * LOW HITPOINT WARNING * * *
You feel much better.
The death yak gores you but does no damage.
Casting: Flame Wave (safe; 1% risk of failure)
Confirm with . or Enter, or press ? or * to list all spells.
You feel a surge of power!
Flames lash the death yak.
The death yak is heavily wounded.
The death yak's fire resistance burns away.
The death yak gores you!
* * * LOW HITPOINT WARNING * * *
Unknown command.
The death yak barely misses you.
Unknown command.
Casting: Scorch (safe; 1% risk of failure)
Confirm with . or Enter, or press ? or * to list all spells.
You feel a surge of power!
Flames lash the death yak.
The death yak is moderately wounded.
The death yak's fire resistance burns away.
The death yak gores you!!
You die...

###..## ###.....#
####.......####
#.#...........#
####............##
#................##
####..............#
.........
#..............##
........
####@#.............##
.......#
#.YY###.............#
....Y.. ##.<##
#..............
......# ##..##
##.............
...Y..#####..##
####.........#
...Y.##.##.#.#
###.......#
.(...P.#..#.##
#P###....
..[......#### ###
####. ........## ##


You could see 2 death yaks.

Vanquished Creatures
  A boulder beetle (D:11)
  2 two-headed ogres
  A death knight (D:9)
  A death yak (Lair:2)
  2 ugly things (D:11)
  A gargoyle (D:11)
  A torpor snail (Lair:2)
  4 cane toads (Lair:1)
  3 komodo dragons
  A kobold demonologist (D:11)
  A freezing wraith (D:9)
  2 trolls (D:10)
  Prince Ribbit (D:7)
  A queen bee (D:9)
  4 blink frogs (Lair:1)
  3 dream sheep (Lair:2)
  A shadow (D:10)
  2 wraiths (D:9)
  26 yaks
  3 wyverns
  2 basilisks (Lair:2)
  3 acid dragons
  5 water moccasins
  Duvessa (D:5)
  8 orc warriors
  A sky beast (D:6)
  3 black bears
  3 ice beasts
  An ogre (D:4)
  18 wolves
  A centaur (D:8)
  11 bullfrogs
  3 necrophages
  5 kobold brigands
  3 scorpions
  13 wights
  Dowan (D:5)
  24 killer bees
  4 howler monkeys
  2 electric eels
  A jelly (D:5)
  4 hounds
  9 orc priests
  A gnoll bouda (D:7)
  8 iguanas
  6 orc wizards
  3 gnolls (D:7)
  3 adders
  2 shadow imps
  2 worms
  5 dart slugs
  52 orcs
  6 ball pythons
  9 bats
  6 endoplasms
  3 giant cockroaches
  8 goblins
  4 hobgoblins
  2 jackals (D:3)
  4 quokkas
  6 frilled lizards
  42 kobolds
  7 rats
366 creatures vanquished.

Vanquished Creatures (collateral kills)
  4 foxfires (Lair:2)
4 creatures vanquished.

Vanquished Creatures (others)
  874 foxfires
  79 fungi
  118 plants
1071 creatures vanquished.

Grand Total: 1441 creatures vanquished

Notes
Turn   | Place    | Note
-------+----------+-------------------------------------------
     0 | D:1      | funkygono the Gargoyle Fire Elementalist began the quest
                  | for the Orb.
     0 | D:1      | Reached XP level 1. HP: 10/10 MP: 3/3
   256 | D:1      | Reached XP level 2. HP: 15/15 MP: 1/5
   703 | D:1      | Found a faded altar of an unknown god.
   974 | D:2      | Reached XP level 3. HP: 19/19 MP: 0/6
  1757 | D:2      | Upgraded the game from 0.30-a0-159-g068b764562 to
                  | 0.30-a0-165-g1891117ce2
  1760 | D:2      | Learned a level 2 spell: Scorch
  1836 | D:3      | Reached XP level 4. HP: 24/24 MP: 2/8
  1840 | D:3      | Learned a level 3 spell: Kindle Blastsparks
  2656 | D:4      | Reached XP level 5. HP: 28/28 MP: 3/9
  2834 | D:4      | Learned a level 4 spell: Flame Wave
  2847 | D:4      | Found a broken altar of Ashenzari.
  3004 | D:4      | Found Deokucs's Overcharged Wands.
  3538 | D:4      | Noticed an ogre
  3542 | D:4      | Killed an ogre
  3543 | D:4      | Reached XP level 6. HP: 32/32 MP: 0/11
  3667 | D:4      | Reached skill level 1 in Fighting
  4110 | D:5      | Entered Level 5 of the Dungeon
  4393 | D:5      | Noticed an ice beast
  4398 | D:5      | Killed an ice beast
  4399 | D:5      | Reached skill level 5 in Fire Magic
  4399 | D:5      | Reached XP level 7. HP: 39/39 MP: 7/13
  4577 | D:5      | Noticed Dowan
  4580 | D:5      | Noticed Duvessa
  4587 | D:5      | Killed Duvessa
  4594 | D:5      | Killed Dowan
  4595 | D:5      | Reached skill level 5 in Spellcasting
  4996 | D:5      | Reached skill level 1 in Maces & Flails
  4996 | D:5      | Reached XP level 8. HP: 44/44 MP: 10/16
  5537 | D:6      | Found Yliahidgh's Jewellery Emporium.
  6192 | D:6      | Reached skill level 5 in Conjurations
  6217 | D:6      | Reached XP level 9. HP: 44/48 MP: 1/18
  6851 | D:7      | Noticed Prince Ribbit
  6856 | D:7      | Killed Prince Ribbit
  7696 | D:7      | Found a staircase to the Ecumenical Temple.
  7732 | Temple   | Entered the Ecumenical Temple
  7763 | Temple   | Became a worshipper of Vehumet
  8116 | D:8      | Reached XP level 10. HP: 53/53 MP: 2/22
  8229 | D:8      | Found a bloodstained altar of Trog.
  8243 | D:8      | Found a shimmering altar of Xom.
  8383 | D:8      | Noticed a two-headed ogre
  8398 | D:8      | Killed a two-headed ogre
  8586 | D:8      | Found a staircase to the Lair.
  9209 | D:9      | Reached * piety under Vehumet
  9209 | D:9      | Offered knowledge of Sandblast by Vehumet.
  9601 | D:9      | Noticed a moth of wrath
  9631 | D:9      | Found a transporter.
  9634 | D:9      | Noticed WLBjork's ghost (novice HOMo)
  9658 | D:9      | Reached skill level 10 in Spellcasting
  9658 | D:9      | Reached XP level 11. HP: 34/57 MP: 7/25
  9659 | D:9      | Reached skill level 10 in Fire Magic
  9676 | D:9      | Reached ** piety under Vehumet
  9677 | D:9      | Offered knowledge of Poisonous Vapours by Vehumet.
  9801 | D:9      | Found a transporter.
  9878 | D:9      | Noticed a manticore
 10394 | D:9      | Found a staircase to the Orcish Mines.
 10526 | D:9      | Offered knowledge of Ignite Poison by Vehumet.
 10566 | D:9      | Noticed a death knight
 10577 | D:9      | Killed a death knight
 10838 | D:9      | Found Omnop's Gadget Gallery.
 11161 | D:9      | Learned a level 3 spell: Ignite Poison
 11169 | D:9      | Learned a level 1 spell: Magic Dart
 11180 | D:10     | Entered Level 10 of the Dungeon
 11415 | D:10     | Reached *** piety under Vehumet
 11524 | D:10     | Found a runed translucent door.
 11528 | D:10     | Noticed Flugkiller's ghost (journeyman MeIE)
 11529 | D:10     | Noticed a spriggan rider
 11529 | D:10     | Identified the +5 spear of the Grinning Tiger {vorpal,
                  | +Blink rCorr}
 11708 | D:10     | Noticed a two-headed ogre
 11718 | D:10     | Killed a two-headed ogre
 12431 | D:10     | Offered knowledge of Sticky Flame by Vehumet.
 12734 | D:10     | Learned a level 4 spell: Sticky Flame
 12773 | D:11     | Noticed a white ugly thing
 12779 | D:11     | Killed a white ugly thing
 13175 | D:11     | Noticed a green ugly thing
 13186 | D:11     | Killed a green ugly thing
 13193 | D:11     | Noticed a boulder beetle
 13217 | D:11     | Killed a boulder beetle
 13218 | D:11     | Reached XP level 12. HP: 39/62 MP: 6/27
 13491 | D:11     | Reached **** piety under Vehumet
 13987 | D:11     | Offered knowledge of Hailstorm by Vehumet.
 14144 | D:11     | Found a portal to a secret trove of treasure.
 14659 | Lair:1   | Entered Level 1 of the Lair of Beasts
 16320 | Lair:1   | Learned a level 3 spell: Hailstorm
 16801 | Lair:2   | Noticed a death yak
 16801 | Lair:2   | Noticed a death yak
 16802 | Lair:2   | Noticed a death yak
 16825 | Lair:2   | Killed a death yak
 16832 | Lair:2   | HP: 1/64 [death yak (5)]
 16836 | Lair:2   | Mangled by a death yak

Illustrated notes

Levels and vault maps discovered:
D:1:      sevenhm_arrival_forest_fort_small_6, layout_basic,
          chequers_ecumenical_altar_island, kennysheep_decorative_pillar
D:2:      layout_rooms, grunt_ministairs_13, lightli_corner_chamber
D:3:      layout_rooms, small_statue_intersection, minmay_crystal_room
D:4:      minmay_diamond_boxcup, layout_basic, nicolae_ashenzari_panopticon,
          serial_park_tiny_pond, nicolae_shop_overcharged_wands
D:5:      layout_basic, st_stairs_8, kennysheep_generic_room_16, uniq_duvessa
D:6:      layout_loops_ring, serial_shops, nicolae_stop_n_shop_1,
          bh_walls_and_bars
D:7:      layout_cave_pods, temple_statues, uniq_prince_ribbit1
D:8:      layout_basic, mainiacjoe_overflow_catch_the_wave,
          due_lair_maze_entry_diamond
D:9:      kennysheep_kobold_camp, layout_basic, erik_orc_3,
          gammafunk_ghost_berserking_beasts, special_room [special_room_bee],
          nicolae_shop_gadgets, uniq_harold
D:10:     layout_basic, special_room [special_room_orc],
          ebering_ghost_funeral_grove, st_stairs_1
D:11:     layout_stronghold, enter_trove_3
Temple:   compressed_dpeg_triangle_lava_temple
Lair:1:   statuecave_lemuel, layout_layer_cave, minivault_11, grunt_megastairs_3
Lair:2:   layout_cave_pods, minmay_swamp_entry_worms

Skill      XL: |  1  2  3  4  5  6  7  8  9 10 11 12 |
---------------+-------------------------------------+-----
Dodging        | 2 3 4 |  4.5
Spellcasting   | 3 4 5 6 8 10 11 12 | 12.5
Conjurations   | 2 3 5 6 7 8 9 |  9.5
Fire Magic     | 4 5 7 8 9 11 12 | 12.8
Fighting       | 1 2 |  2.8
Maces & Flails | 1 2 3 |  3.0
Stealth        | |  2.1
Translocations | |  0.1
Air Magic      | |  0.1
Evocations     | |  0.9

Action                   |  1- 3 |  4- 6 |  7- 9 | 10-12 || total
-------------------------+-------+-------+-------+-------++-------
Melee: Whip              |     5 |    19 |    38 |     1 ||    63
       Mace              |       |       |       |    63 ||    63
       Dire flail        |       |       |       |    14 ||    14
       Punch             |       |       |       |     1 ||     1
 Cast: Foxfire           |    66 |    75 |   158 |   215 ||   514
       Scorch            |       |    13 |    29 |    92 ||   134
       Flame Wave        |       |       |     3 |    52 ||    55
       Magic Dart        |       |       |       |     3 ||     3
       Sticky Flame      |       |       |       |     2 ||     2
       Kindle Blastspark |       |       |       |     4 ||     4
Evoke: Wand              |       |       |       |     7 ||     7
  Use: Scroll            |     8 |     2 |    10 |     6 ||    26
       Potion            |       |       |     1 |     4 ||     5
Armor: Robe              |     4 |     6 |    25 |    80 ||   115
       Skin              |       |       |       |    54 ||    54
Dodge: Dodged            |     9 |    18 |    30 |   178 ||   235

Table legend: (Time is in decaauts)
 A = Elapsed time spent in this place.
 B = Non-inter-level travel time spent in this place.
 C = Inter-level travel time spent in this place.
 D = Time resting spent in this place.
 E = Time spent auto-exploring this place.
 F = Levels seen in this place.
 G = Mean time per level.
                   A        B        C        D        E       F      G
               +--------+--------+--------+--------+--------+-----+--------+
         Total |  16896 |  16235 |    661 |   1147 |  12810 |  14 | 1206.9 |
       Dungeon |  14532 |  13946 |    586 |   1147 |  10809 |  11 | 1321.1 |
        Temple |    171 |    155 |     16 |      0 |    138 |   1 |  171.0 |
          Lair |   2191 |   2133 |     58 |      0 |   1863 |   2 | 1095.5 |
               +--------+--------+--------+--------+--------+-----+--------+

Top non-repeatable levels by time:
     D:9: 1794 daAuts
  Lair:1: 1723 daAuts
    D:11: 1694 daAuts
    D:10: 1615 daAuts
     D:8: 1439 daAuts
     D:5: 1427 daAuts
     D:6: 1309 daAuts
     D:4: 1305 daAuts
     D:7: 1136 daAuts
     D:3: 951 daAuts
     D:2: 929 daAuts
     D:1: 928 daAuts
  Lair:2: 468 daAuts
  Temple: 171 daAuts
